 Dungeon Crawl Stone Soup version 0.31-a0-1540-g5a0b83f448 (webtiles) character file.

Game seed: 15178594677557454114

51 voltaire321 the Digger (level 3, -2/26 HPs)
             Began as a Demonspawn Earth Elementalist on Jan 1, 2024.
             Slain by a hobgoblin (4 damage)
             ... led by Robin
             ... on level 2 of the Dungeon.
             The game lasted 00:02:46 (1344 turns).

voltaire321 the Digger (DsEE)                       Turns: 1344, Time: 00:02:46

Health: -2/26      AC:  2    Str: 10    XL:     3   Next: 58%
Magic:  1/6        EV: 12    Int: 15    God:
Gold:   8          SH:  0    Dex: 13    Spells: 5/6 levels left

rFire   . . .        c - +0 hand axe
rCold   . . .        (no shield)
rNeg    . . .        a - +0 robe
rPois   .            (helmet restricted)
rElec   .            (no cloak)
rCorr   .            (no gloves)
SInv    .            (no boots)
Will    .....        (no amulet)
Stlth   ++           (no ring)
HPRegen 0.24/turn    (no ring)
MPRegen 0.10/turn

%: no passive effects
@: very slightly contaminated
A: antennae 1
a: no special abilities


You were on level 2 of the Dungeon.
You visited 1 branch of the dungeon, and saw 2 of its levels.

You collected 8 gold pieces.

Inventory:

Hand Weapons
 c - a +0 hand axe (weapon)
Armour
 a - a +0 robe (worn)
Magical Staves
 h - a staff of conjuration
Scrolls
 d - 2 scrolls of identify {unknown}
 e - 2 scrolls of teleportation {unknown}
 f - a scroll of amnesia {unknown}
 i - a scroll of fog {unknown}
 k - a scroll of revelation {unknown}
Potions
 b - a potion of magic
 g - a potion of degeneration {unknown}
 j - a potion of brilliance {unknown}
 l - a potion of attraction {unknown}


   Skills:
 + Level 1.0 Fighting
 + Level 0.9 Armour
 + Level 2.2 Dodging
 - Level 1.7 Stealth
 + Level 2.3 Spellcasting
 + Level 1.6 Conjurations
 + Level 3.0 Earth Magic


You had 5 spell levels left.
You knew the following spells:

 Your Spells              Type           Power      Damage    Failure   Level
a - Sandblast             Erth           20%        2d7       6%          1

Your spell library contained the following spells:

 Spells                   Type           Power      Damage    Failure   Level
 Passwall                 Erth           10%        N/A       19%         3
 Stone Arrow              Conj/Erth      16%        3d8       24%         3
 Brom's Barrelling Bould  Conj/Erth      8%         2d3       63%         4
 Petrify                  Alch/Erth      6%         N/A       75%         4


Dungeon Overview and Level Annotations

Branches:
Dungeon (2/15)

Altars:

Shops:
D:1 (


Innate Abilities, Weirdness & Mutations

You have a pair of small antennae on your head.


Message History

You hit Robin.
Robin is almost dead.
You hit the goblin.
You kill the goblin!
Robin hits you with a +0 falchion.
* * * LOW HITPOINT WARNING * * *
You hit Robin.
You kill Robin!
A hobgoblin comes into view.
The goblin hits you with a +0 club.
* * * LOW HITPOINT WARNING * * *
Your Fighting skill increases to level 1!
Your Earth Magic skill increases to level 3!
You completely miss the goblin.
The hobgoblin shouts!
You hear a shout! x2
You hit the goblin.
The goblin is heavily wounded.
The goblin hits you with a +0 club.
* * * LOW HITPOINT WARNING * * *
Aiming: Sandblast (safe; 6% risk of failure)
Press: ? - help, Q - select action Shift-Dir - straight line, f - hobgoblin
Aim: a hobgoblin (82% to hit)
Okay, then.
You hit the goblin.
You kill the goblin!
You barely miss the hobgoblin. The hobgoblin misses you.
You hit the hobgoblin.
The hobgoblin is almost dead.
The hobgoblin misses you. The hobgoblin closely misses you.
A goblin comes into view. It is wielding a +0 dagger.
Aiming: Sandblast (safe; 6% risk of failure)
Press: ? - help, Q - select action Shift-Dir - straight line, f - hobgoblin
Aim: a hobgoblin (severely wounded, 82% to hit)
You miscast Sandblast.
You are very lightly contaminated with residual magic.
Nothing appears to happen.
The hobgoblin hits you but does no damage.
The hobgoblin attacks as it pursues you!
The hobgoblin hits you.
You die...

..# #.# #.# ###.#
)..# g)# ###
##)## '.## +g.)#
#..## ##@.)#
)...##{ #...##
.....## ##...#
......##{ #...##
.......##{ ##...#
.#......##{
#...##
.##......####...#
####..†...##...##
# ##......#...#


You could see a hobgoblin.

Vanquished Creatures
  Robin (D:2)
  A dart slug (D:1)
  A ribbon worm (D:2)
  3 endoplasms (D:1)
  A giant cockroach (D:1)
  8 goblins
  2 hobgoblins
  3 kobolds
  A quokka (D:2)
  2 ball pythons (D:2)
  5 bats
  3 frilled lizards
  2 rats
33 creatures vanquished.

Notes
Turn   | Place    | Note
-------+----------+-------------------------------------------
     0 | D:1      | voltaire321 the Demonspawn Earth Elementalist began the
                  | quest for the Orb.
     0 | D:1      | Reached XP level 1. HP: 13/13 MP: 3/3
   161 | D:1      | Found Kon Isu's Weapon Shop.
   360 | D:1      | Gained mutation: You have a pair of small antennae on your
                  | head. [demonic ancestry]
   360 | D:1      | Reached XP level 2. HP: 19/20 MP: 1/5
  1250 | D:2      | Reached XP level 3. HP: 25/25 MP: 3/6
  1330 | D:2      | Noticed Robin
  1338 | D:2      | Killed Robin
  1339 | D:2      | Reached skill level 1 in Fighting
  1339 | D:2      | Reached skill level 3 in Earth Magic
  1340 | D:2      | HP: 1/26 [goblin/+0 club[Robin] (2)]
  1344 | D:2      | Slain by a hobgoblin

Illustrated notes

Levels and vault maps discovered:
D:1:      dpeg_arrival_rooms_a, layout_loops_ring, serial_shops, shop
D:2:      minmay_razor_zed, layout_basic, uniq_robin

Skill      XL: |  1  2  3 |
---------------+----------+-----
Dodging        | 2 |  2.2
Fighting       | 1 |  1.0
Earth Magic    | 3 |  3.0
Armour         | |  0.9
Stealth        | |  1.7
Spellcasting   | |  2.3
Conjurations   | |  1.6

Action                     || total
---------------------------++-------
  Melee: Hand axe          ||    22
   Cast: Sandblast         ||    38
   Stab: Sleeping          ||     1
 Armour: Robe              ||    26
  Dodge: Dodged            ||    18

Table legend: (Time is in decaauts)
 A = Elapsed time spent in this place.
 B = Non-inter-level travel time spent in this place.
 C = Inter-level travel time spent in this place.
 D = Time resting spent in this place.
 E = Time spent auto-exploring this place.
 F = Levels seen in this place.
 G = Mean time per level.
                   A        B        C        D        E       F      G
               +--------+--------+--------+--------+--------+-----+--------+
         Total |   1368 |   1352 |     16 |    288 |    762 |   2 |  684.0 |
       Dungeon |   1368 |   1352 |     16 |    288 |    762 |   2 |  684.0 |
               +--------+--------+--------+--------+--------+-----+--------+

Top non-repeatable levels by time:
     D:1: 843 daAuts
     D:2: 525 daAuts
